 Dungeon Crawl Stone Soup version 0.27.1-34-g3ba077fa99 (webtiles) character file.

Game seed: 15763158624142815267

65 Fractals the Caller (level 4, -2/33 HPs)
             Began as a Merfolk Summoner on Jan 6, 2022.
             Slain by a scorpion (4 damage)
             ... on level 3 of the Dungeon.
             The game lasted 00:07:33 (3525 turns).

Fractals the Caller (Merfolk Summoner)              Turns: 3525, Time: 00:07:34

Health: -2/33      AC:  3    Str:  9    XL:     4   Next: 13%
Magic:  6/8        EV: 13    Int: 14    God:
Gold:   131        SH:  0    Dex: 14    Spells: 5/8 levels left

rFire    . . .     SeeInvis .   j - +1 rapier
rCold    . . .     Faith    .   (no shield)
rNeg     . . .     Spirit   .   a - +0 robe
rPois    .         Reflect  .   c - +0 helmet
rElec    .         Harm     .   (no cloak)
rCorr    .         Rampage  .   (no gloves)
Will     .....                  (no boots)
Stlth    ++........             (no amulet)
HPRegen  0.11/turn              (no ring)
MPRegen  0.11/turn              (no ring)

@: lethally poisoned (-2 -> -12)
A: (nimble swimmer 2), mertail
a: no special abilities


You were on level 3 of the Dungeon.
You visited 1 branch of the dungeon, and saw 3 of its levels.

You collected 131 gold pieces.

Inventory:

Hand Weapons
 j - a +1 rapier (weapon)
Missiles
 g - 122 stones
Armour
 a - a +0 robe (worn)
 c - a +0 helmet (worn)
Scrolls
 d - a scroll of enchant weapon
 f - a scroll of identify {unknown}
 h - a scroll of blinking {unknown}
 i - a scroll of holy word {unknown}
 l - a scroll of silence {unknown}
 n - a scroll of magic mapping {unknown}
Potions
 b - 2 potions of cancellation {unknown}
 e - a potion of degeneration {unknown}
 k - a potion of brilliance {unknown}
 m - a potion of attraction {unknown}


   Skills:
 - Level 2.0 Fighting
 - Level 3.0 Dodging
 - Level 2.1 Stealth
 + Level 2.6 Spellcasting
 + Level 4.6 Summonings


You had 5 spell levels left.
You knew the following spells:

 Your Spells              Type           Power      Damage    Failure   Level
a - Summon Small Mammal   Summ           56%        N/A       3%          1
b - Call Imp              Summ           14%        N/A       4%          2

Your spell library contained the following spells:

 Spells                   Type           Power      Damage    Failure   Level
 Call Canine Familiar     Summ           14%        N/A       10%         3
 Summon Guardian Golem    Hex/Summ       8%         N/A       26%         3
 Gell's Gravitas          Tloc           0%         N/A       54%         3
 Lesser Beckoning         Tloc           0%         N/A       54%         3
 Teleport Other           Tloc           1%         N/A       54%         3
 Summon Lightning Spire   Summ/Air       8%         N/A       65%         4
 Summon Forest            Summ/Tloc      4%         N/A       94%         5
 Eringya's Noxious Bog    Tmut/Pois      0%         N/A       100%        6
 Summon Hydra             Summ           7%         N/A       100%        7


Dungeon Overview and Level Annotations

Branches:
Dungeon (3/15)

Altars:
Beogh


Innate Abilities, Weirdness & Mutations

((You are quick and stealthy near water. (Stealth+, EV+, Speed+++)))
Your lower body shifts to a powerful aquatic tail in water.


Message History

Your bat's corpse disappears in a puff of smoke!
You hit the scorpion.
The scorpion is moderately wounded.
The scorpion barely misses you.
Your quokka bites the scorpion but does no damage.
You hit the scorpion.
The scorpion is moderately wounded.
The scorpion stings you.
Your quokka bites the scorpion but does no damage.
The scorpion stings you!
You are poisoned.
The scorpion poisons you!
Your quokka closely misses the scorpion.
You barely miss the scorpion.
The scorpion is moderately wounded.
You feel very sick.
Your quokka misses the scorpion. The scorpion closely misses you.
You closely miss the scorpion.
The scorpion is moderately wounded.
You feel sick.
Your quokka barely misses the scorpion.
The scorpion stings you.
You closely miss the scorpion.
The scorpion is moderately wounded.
You feel sick. The scorpion stings you.
You are lethally poisoned!
The scorpion poisons you!
Your quokka closely misses the scorpion.
The scorpion barely misses you.
Your quokka bites the scorpion.
You barely miss the scorpion.
The scorpion is heavily wounded.
* * * LOW HITPOINT WARNING * * *
You feel very sick. The scorpion stings you.
* * * LOW HITPOINT WARNING * * *
Your quokka barely misses the scorpion.
You closely miss the scorpion.
The scorpion is heavily wounded.
* * * LOW HITPOINT WARNING * * *
You feel very sick. The scorpion stings you.
You die...

... #.# #.# # #.#
### . #.#... #.
#.#.# #.######...##
####..@s.......#
#.......r####.>.#
#.###.##<# (..# #.
#.# ....# # ##.##
...... #...#
......#
...............####
#####.(..###.#.#
...#.##


You could see a scorpion (ally target) and a friendly quokka (summoned).

Vanquished Creatures
  An adder (D:2)
  A worm (D:2)
  A dart slug (D:2)
  3 orcs (D:2)
  A ball python (D:1)
  3 endoplasms
  A giant cockroach (D:1)
  5 goblins
  4 hobgoblins (D:1)
  A quokka (D:1)
  3 bats (D:1)
  2 frilled lizards
  4 kobolds
  3 rats
33 creatures vanquished.

Vanquished Creatures (collateral kills)
  A dart slug (D:1)
  6 endoplasms
  A goblin (D:1)
  A hobgoblin (D:1)
  A quokka (D:1)
  2 ball pythons (D:1)
  A bat (D:1)
  A frilled lizard (D:1)
  2 kobolds
  A rat (D:1)
17 creatures vanquished.

Grand Total: 50 creatures vanquished

Notes
Turn   | Place    | Note
-------+----------+-------------------------------------------
     0 | D:1      | Fractals the Merfolk Summoner began the quest for the Orb.
     0 | D:1      | Reached XP level 1. HP: 13/13 MP: 3/3
   678 | D:1      | Reached skill level 1 in Fighting
   718 | D:1      | Reached XP level 2. HP: 21/21 MP: 3/5
  1155 | D:1      | Learned a level 2 spell: Call Imp
  1820 | D:1      | Reached XP level 3. HP: 25/27 MP: 3/6
  3391 | D:2      | Reached XP level 4. HP: 33/33 MP: 4/7
  3431 | D:2      | Found a faded altar of an unknown god.
  3509 | D:3      | Noticed a scorpion
  3525 | D:3      | Slain by a scorpion

Illustrated notes

Levels and vault maps discovered:
D:1:      matt_arrival_spirals, layout_basic, st_stairs_5
D:2:      layout_rooms, hellmonk_ecumenical_altar_defaced_shrine,
          minmay_randomly_rotated_circles
D:3:      layout_loops_ring, minitemple

Skill      XL: |  1  2 |
---------------+-------+-----
Dodging        | 3 |  3.0
Fighting       | 1 2 |  2.0
Stealth        | |  2.1
Spellcasting   | |  2.6
Summonings     | |  4.6

Action                   |  1- 3 |  4- 6 || total
-------------------------+-------+-------++-------
Melee: Dagger            |   137 |       ||   137
       Unarmed           |     5 |       ||     5
       Rapier            |    36 |    12 ||    48
 Cast: Summon Small Mamm |    29 |     3 ||    32
  Use: Scroll            |       |     1 ||     1
 Stab: Sleeping          |     6 |     1 ||     7
       Distracted        |     1 |       ||     1
Armor: Robe              |    34 |       ||    34
Dodge: Dodged            |   124 |     7 ||   131
